 Dungeon Sprint DCSS version 0.30-a0-715-gdb4ae3ece1 (webtiles) character file.

Game seed: 5158210547792664525

19375 rocky1 the Conqueror (level 27, -4/291 HPs)
             Began as an Octopode Transmuter on Jan 24, 2023.
             Was an Initiate of Gozag.
             Blown up by a lich (73 damage)
             ... with an orb of destruction
             ... in the Dungeon (Sprint VI: "Thunderdome").
             The game lasted 01:16:45 (4745 turns).

rocky1 the Conqueror (Octopode Transmuter)          Turns: 4745, Time: 01:16:45

Health: -4/291     AC: 34    Str: 16    XL:     27
Magic:  11/52      EV: 20    Int: 36    God:    Gozag
Gold:   2929       SH:  8    Dex: 12    Spells: 13/59 levels left

rFire   + + +      SeeInvis +    I - staff of fire
rCold   + + +      Faith    .    S - +2 buckler of the Sun {Fly rF+ rN+ Slay+2}
rNeg    + + +      Spirit   .    w - +0 hat of Rotation {rF+ rC++ Dex+2 Stlth+}
rPois   ∞          Reflect  .    m - amulet "Foatasux" {RegenMP Rampage Will+ Regen+ Int-2}
rElec   +          Harm     .    l - ring of Neotzanlu {Wiz Str+3}
rCorr   +          Rampage  +    f - ring of Nidoprukh {+Blink rPois rN+ MP+9 Str+2}
Will    ++++.      NoTele   +    q - ring of Sueg {Will+ EV+5}
Stlth   ++++                     s - ring "Kicerema" {rCorr Int+2 Dex-5 Slay+5 SInv}
HPRegen 1.48/turn                t - ring "Qoshrur" {Wiz Contam rC++ Dex+2 Slay+2}
MPRegen 0.73/turn                u - ring "Cozy" {rPois AC+4 Str-5 Int+2}
                                 r - ring of Weefui {rN+ rCorr Str+2 Int+6 Dex-2}
                                 C - ring "Roseg" {rC+ Str+4 Dex+2}

@: statue-form, flying, very slow
A: slow and powerful, torment resistance 1, boosted hp, almost no armour,
amphibious, 8 rings, camouflage 1, (gelatinous body 1), (nimble swimmer 1),
tentacles, cold vulnerability 1
}: 5/15 runes: serpentine, slimy, silver, gossamer, mossy
a: End Transformation, Renounce Religion, Evoke Blink, Potion Petition, Call
Merchant, Bribe Branch


You were in the Dungeon.
You worshipped Gozag.
Gozag was most pleased with you.
You were a living statue of rough stone.
You visited 1 branch You collected 36403 gold pieces.
You spent 25497 gold pieces at shops.
You paid 7977 gold pieces to Gozag.

Inventory:

Armour
 w - the +0 hat of Rotation (worn) {rF+ rC++ Dex+2 Stlth+}
   (You bought it in a shop in the Dungeon)

   Dex:       It affects your dexterity (+2).
   rF:        It protects you from fire.
   rC:        It greatly protects you from cold.
   Stlth:     It makes you more stealthy.
 F - a +2 kite shield of fire resistance
 P - the +3 buckler of Focus {rPois Dex+3}
   (You bought it in a shop in the Dungeon)

   Dex:       It affects your dexterity (+3).
   rPois:     It protects you from poison.
 Q - the +2 tower shield "Egut" {Will+ rCorr Int-2 Dex+4}
   (You bought it in a shop in the Dungeon)

   Int:       It affects your intelligence (-2).
   Dex:       It affects your dexterity (+4).
   rCorr:     It protects you from acid and corrosion.
   Will:      It increases your willpower.
 R - the +0 kite shield of Lies {+Inv Str+3}
   (You bought it in a shop in the Dungeon)

   Str:       It affects your strength (+3).
   +Inv:      It lets you turn invisible.
 S - the +2 buckler of the Sun (worn) {Fly rF+ rN+ Slay+2}
   (You bought it in a shop in the Dungeon)

   Slay:      It affects your accuracy & damage with ranged weapons and melee
   (+2).
   rF:        It protects you from fire.
   rN:        It protects you from negative energy.
   Fly:       It grants you flight.
Magical Staves
 H - a staff of earth
 I - a staff of fire (weapon)
Jewellery
 f - the ring of Nidoprukh (right tentacle) {+Blink rPois rN+ MP+9 Str+2}
   (You bought it in a shop in the Dungeon)

   [ring of positive energy]

   Str:       It affects your strength (+2).
   rPois:     It protects you from poison.
   rN:        It protects you from negative energy.
   MP:        It affects your magic capacity (+9).
   +Blink:    It lets you blink.
 l - the ring of Neotzanlu (left tentacle) {Wiz Str+3}
   (You bought it in a shop in the Dungeon)

   [ring of wizardry]

   It improves your spell success rate.
   Str:       It affects your strength (+3).
 m - the amulet "Foatasux" (around mantle) {RegenMP Rampage Will+ Regen+ Int-2}
   (You bought it in a shop in the Dungeon)

   [amulet of magic regeneration]

   It increases your rate of magic regeneration.
   Int:       It affects your intelligence (-2).
   Regen:     It increases your rate of health regeneration.
   Rampage:   It bestows one free step when moving towards enemies.
   Will:      It increases your willpower.
 q - the ring of Sueg (on tentacle) {Will+ EV+5}
   (You bought it in a shop in the Dungeon)

   [ring of evasion]

   EV:        It affects your evasion (+5).
   Will:      It increases your willpower.
 r - the ring of Weefui (on tentacle) {rN+ rCorr Str+2 Int+6 Dex-2}
   (You bought it in a shop in the Dungeon)

   [ring of intelligence]

   Str:       It affects your strength (+2).
   Int:       It affects your intelligence (+6).
   Dex:       It affects your dexterity (-2).
   rN:        It protects you from negative energy.
   rCorr:     It protects you from acid and corrosion.
 s - the ring "Kicerema" (on tentacle) {rCorr Int+2 Dex-5 Slay+5 SInv}
   (You bought it in a shop in the Dungeon)

   [ring of resist corrosion]

   Int:       It affects your intelligence (+2).
   Dex:       It affects your dexterity (-5).
   Slay:      It affects your accuracy & damage with ranged weapons and melee
   (+5).
   SInv:      It lets you see invisible.
   rCorr:     It protects you from acid and corrosion.
 t - the ring "Qoshrur" (on tentacle) {Wiz Contam rC++ Dex+2 Slay+2}
   (You bought it in a shop in the Dungeon)

   [ring of wizardry]

   It improves your spell success rate.
   Dex:       It affects your dexterity (+2).
   Slay:      It affects your accuracy & damage with ranged weapons and melee
   (+2).
   rC:        It greatly protects you from cold.
   Contam:    It causes magical contamination when unequipped.
 u - the ring "Cozy" (on tentacle) {rPois AC+4 Str-5 Int+2}
   (You bought it in a shop in the Dungeon)

   [ring of protection]

   AC:        It affects your AC (+4).
   Str:       It affects your strength (-5).
   Int:       It affects your intelligence (+2).
   rPois:     It protects you from poison.
 x - the ring of Fiqoot {rN+ Dex+4}
   (You bought it in a shop in the Dungeon)

   [ring of positive energy]

   Dex:       It affects your dexterity (+4).
   rN:        It protects you from negative energy.
 y - the amulet "Winiepn" {Acrobat Slay+6}
   (You bought it in a shop in the Dungeon)

   [amulet of the acrobat]

   It increases your evasion while moving and waiting.
   Slay:      It affects your accuracy & damage with ranged weapons and melee
   (+6).
 z - the ring "Quschulae" {Fly rPois rN+ rCorr}
   (You bought it in a shop in the Dungeon)

   [ring of positive energy]

   rPois:     It protects you from poison.
   rN:        It protects you from negative energy.
   Fly:       It grants you flight.
   rCorr:     It protects you from acid and corrosion.
 A - the ring "Vasiunge" {rPois rCorr Int+6}
   (You bought it in a shop in the Dungeon)

   [ring of intelligence]

   Int:       It affects your intelligence (+6).
   rPois:     It protects you from poison.
   rCorr:     It protects you from acid and corrosion.
 B - the ring "Lidwut" {Will+ rCorr Dex+6}
   (You bought it in a shop in the Dungeon)

   [ring of dexterity]

   Dex:       It affects your dexterity (+6).
   rCorr:     It protects you from acid and corrosion.
   Will:      It increases your willpower.
 C - the ring "Roseg" (on tentacle) {rC+ Str+4 Dex+2}
   (You bought it in a shop in the Dungeon)

   [ring of protection from cold]

   Str:       It affects your strength (+4).
   Dex:       It affects your dexterity (+2).
   rC:        It protects you from cold.
 E - an amulet of guardian spirit
 O - the amulet of the Four Winds {rN+ Will+++ Clar}
   (You bought it in a shop in the Dungeon)

   [amulet of nothing]

   rN:        It protects you from negative energy.
   Clar:      It protects you against confusion.
   Will:      It greatly increases your willpower.
Wands
 i - a wand of quicksilver (5)
 j - a wand of roots (3)
 v - a wand of digging (6)
Scrolls
 g - 25 scrolls of blinking
 k - 27 scrolls of fog
 L - 9 scrolls of amnesia
 M - 6 scrolls of silence
 N - 2 scrolls of identify {unknown}
Potions
 a - a potion of lignification
 b - 20 potions of curing
 c - 16 potions of heal wounds
 d - 27 potions of haste
 e - 24 potions of magic
 h - 26 potions of resistance
 n - 14 potions of might
 o - 13 potions of brilliance
 p - 16 potions of mutation
 D - a potion of invisibility
 G - a potion of flight
 J - 10 potions of attraction
 K - 20 potions of berserk rage


   Skills:
 O Level 27 Fighting
 - Level 13.4 Staves
 - Level 10.1 Dodging
 - Level 3.5 Stealth
 - Level 11.1 Shields
 O Level 27 Unarmed Combat
 + Level 16.8 Spellcasting
 + Level 21.1 Conjurations
 - Level 4.0 Translocations
 - Level 13.9 Transmutations
 + Level 22.5 Fire Magic
 - Level 4.5 Ice Magic
 + Level 9.6 Air Magic
 - Level 11.5 Earth Magic
 - Level 5.5 Evocations


You had 13 spell levels left.
You knew the following spells:

 Your Spells              Type           Power      Damage    Failure   Level
a - Lehudib's Crystal Sp  Conj/Erth      49%        10d12     3%          8
d - Blink                 Tloc           100%       N/A       1%          2
e - Iron Shot             Conj/Erth      49%        9d9       1%          6
f - Statue Form           Tmut/Erth      59%        N/A       1%          6
g - Fire Storm            Conj/Fire      68%        8d17      5%          9
h - Maxwell's Capacitive  Air            39%        ∞         41%         8
i - Storm Form            Tmut/Air       43%        N/A       2%          7

Your spell library contained the following spells:

 Spells                   Type           Power      Damage    Failure   Level
 Beastly Appendage        Tmut           100%       N/A       0%          1
 Momentum Strike          Conj/Tloc      100%       3d10      0%          2
 Passwall                 Tmut/Erth      74%        N/A       0%          2
 Scorch                   Fire           100%       2d10      0%          2
 Wereblood                Tmut           92%        N/A       0%          2
 Flame Wave               Conj/Fire      100%       2d21      0%          4
 Iskenderun's Battlesphe  Conj           100%       2d15      0%          5
 Ensorcelled Hibernation  Hex/Ice        92%        N/A       1%          2
 Lesser Beckoning         Tloc           100%       N/A       1%          2
 Gell's Gravitas          Tloc           56%        N/A       1%          3
 Inner Flame              Hex/Fire       100%       N/A       1%          3
 Kindle Blastsparks       Fire/Tloc/Air  100%       2d18      1%          3
 Ozocubu's Armour         Ice            59%        N/A       1%          3
 Spider Form              Tmut/Pois      69%        N/A       1%          3
 Swiftness                Air            79%        N/A       1%          3
 Teleport Other           Tloc           56%        N/A       1%          3
 Fulminant Prism          Conj/Hex       41%        3d19      1%          4
 Ice Form                 Ice/Tmut       77%        N/A       1%          4
 Iskenderun's Mystic Bla  Conj/Tloc      88%        2d17      1%          4
 Leda's Liquefaction      Hex/Erth       32%        N/A       1%          4
 Manifold Assault         Tloc           56%        N/A       1%          4
 Passage of Golubria      Tloc           56%        N/A       1%          4
 Summon Lightning Spire   Summ/Air       60%        N/A       1%          4
 Lee's Rapid Deconstruct  Erth           42%        3d21*     1%          5
 Silence                  Hex/Air        30%        N/A       1%          5
 Conjure Ball Lightning   Conj/Air       48%        3x3d17    1%          6
 Cause Fear               Hex            15%        N/A       4%          4
 Summon Forest            Summ/Tloc      22%        N/A       4%          5
 Spellforged Servitor     Conj/Summ      41%        N/A       4%          7
 Summon Mana Viper        Hex/Summ       30%        N/A       11%         5
 Ozocubu's Refrigeration  Ice            29%        4d14      41%         7
 Summon Cactus Giant      Summ           15%        N/A       45%         6
 Chain Lightning          Conj/Air       48%        3d64      50%         9
 Malign Gateway           Summ/Tloc      22%        N/A       75%         7
 Necromutation            Tmut/Necr      34%        N/A       75%         8
 Haunt                    Necr/Summ      15%        N/A       94%         7
 Shatter                  Erth           42%        3d33*     95%         9
 Disjunction              Tloc           28%        N/A       98%         8
 Borgnjor's Revivificati  Necr           15%        N/A       100%        8
 Discord                  Hex            15%        N/A       100%        8
 Infestation              Necr           15%        N/A       100%        8
 Summon Horrible Things   Summ           15%        N/A       100%        8
 Death's Door             Necr           15%        N/A       100%        9
 Animate Dead             Necr           Unusable   N/A       N/A         4

Dungeon Overview and Level Annotations

Branches:
Dungeon (1/1)

Altars:
Cheibriados
Dithmenos
Fedhas
Gozag
Kikubaaqudgha
Makhleb
Okawaru
Qazlal
Ru
Sif Muna
Trog
Uskayaw
Vehumet
Wu Jian
Xom
Yredelemnul
Zin
The Shining One
Lugonu

Shops:
D [?[!?=?*?*[((=[*


Innate Abilities, Weirdness & Mutations

You are a living statue of rough stone.
Your actions are slow, but your melee attacks are powerful.
You are resistant to unholy torment.
Your maximum health is greatly increased.
You are immune to poison.
You cannot wear most types of armour.
You are amphibious.
You can wear up to eight rings at the same time.
Your skin changes colour to match your surroundings (Stealth+).
((Your rubbery body absorbs attacks. (AC +1, EV +1)))
((You are camouflaged when in or above water. (Stealth+)))
You have tentacles for arms and can constrict up to eight enemies at once.
You are vulnerable to cold. (rC-)


Message History

The ancient lich mumbles some strange words.
The ancient lich flickers and vanishes for a moment.
The ancient lich is engulfed in blazing flames.
Unknown command.
Casting: Fire Storm (dangerous; 5% risk of failure)
Confirm with . or Enter, or press ? or * to list all spells.
You don't have enough magic to cast this spell.
Unknown command.
The ancient lich is engulfed in blazing flames. x2
A lich comes into view.
The lich shouts!
The ancient lich is distracted by your dazzling golden aura.
Your fire vortex hits the ancient lich.
Your fire vortex burns the ancient lich!
The ancient lich resists.
Your fire vortex dissipates!
The lich conjures an orb of pure magic.
An orb of destruction comes into view.
The ancient lich is no longer distracted by gold.
You see here 63 gold pieces.
The orb of destruction hits you!!!
* * * LOW HITPOINT WARNING * * *
Your fire vortex barely misses the ancient lich.
The ancient lich touches your fire vortex.
Your fire vortex hits the ancient lich.
Your fire vortex burns the ancient lich!
The ancient lich resists.
Your fire vortex dissipates!
Your fire vortex hits the ancient lich.
Your fire vortex burns the ancient lich!
The ancient lich resists.
Your fire vortex dissipates!
You see here a +0 giant club.
Unknown command.
You feel much better.
The lich launches a ball of destructive magic.
An orb of destruction comes into view.
Unknown command.
You feel much better. The orb of destruction hits you!!!!
You die...

##.....## ##∩.).[.∩##
#∩..$....∩# #_.$....._#
#....$..._# #_...$..._#
###§.$...|☼L###
#⌠.[.$.([..○$$#
######[8.$[$.[$L88.######
#.___..)[..###.$.$..__.∩##
"..∩..∩..8.# #(8[...[...∩###
.....∩.....###.$[..$.......##
....[.))###)..###.∩∩∩......⌠#
........# #.0.# #..[[..[...⌠#
........###...###.[[[......⌠#
..∩..(.....###..)...[.[....##
∩..)...[.8.# #)8)))[....∩###


You could see an ancient lich (fast, invisible) and a lich.

Vanquished Creatures
  An orb of fire (D)
  5 ancient liches (D)
  An acid blob (D)
  2 royal mummies (D)
  Agnes (D)
  A Killer Klown (D)
  3 curse toes (D)
  A hellephant (D)
  7 liches (D)
  3 Hell Sentinels (D)
  15 Orb Guardians (D)
  2 sphinxes (D)
  A storm dragon (D)
  2 rockslimes (D)
  3 draconian stormcallers (D)
  Louise (D)
  2 curse skulls (D)
  A quicksilver ooze (D)
  4 stone giants (D)
  2 draconian annihilators (D)
  2 green draconians (D)
  3 vampire knights (D)
  A black draconian (D)
  A wolf spider (D)
  An anaconda (D)
  An eleionoma (D)
  2 yellow draconians (D)
  2 purple draconians (D)
  A bunyip (D)
  A white draconian (D)
  2 red draconians (D)
  2 green deaths (D)
  An entropy weaver (shapeshifter) (D)
  10 hydras (D)
  3 vault guards (D)
  3 ogre magi (D)
  15 boulder beetles (D)
  A centaur warrior (D)
  A ghost crab (D)
  2 two-headed ogres (D)
  3 alligators (D)
  2 tengu warriors (D)
  2 dancing weapons (D)
  2 hell hogs (D)
  4 vampire magi (D)
  2 sun demons (D)
  7 hell knights (D)
  A fire crab (shapeshifter) (D)
  A spriggan (D)
  A deep elf knight (D)
  A spriggan druid (D)
  A swamp dragon (shapeshifter) (D)
  4 necromancers (D)
  3 wizards (D)
  9 swamp dragons (D)
  A deep elf archer (D)
  2 deep elf pyromancers (D)
  A harpy (shapeshifter) (D)
  2 deep elf zephyrmancers (D)
  A cyclops (D)
  9 moths of wrath (D)
  2 will-o-the-wisps (D)
  4 rust devils (D)
  A salamander (shapeshifter) (D)
  A black mamba (shapeshifter) (D)
  2 naga magi (D)
  A smoke demon (D)
  A black mamba (D)
  2 orange demons (D)
  2 unseen horrors (shapeshifter) (D)
  3 cane toads (D)
  A hellion (D)
  A komodo dragon (shapeshifter) (D)
  4 red devils (D)
  2 ice devils (D)
  2 guardian mummies (D)
  A yaktaur (shapeshifter) (D)
  12 tormentors (D)
  A hellwing (D)
  5 queen bees (D)
  A hornet (D)
  Prince Ribbit (D)
  3 tyrant leeches (D)
  Grinder (D)
  2 flying skulls (D)
  A slime creature (D)
  4 vampires (D)
  A basilisk (D)
  Eustachio (D)
  A human (shapeshifter) (D)
  A hell hound (D)
  4 ogres (D)
  2 bullfrogs (D)
  An earth elemental (D)
  6 killer bees (D)
  A crimson imp (D)
  Terence (D)
  10 mummies (D)
  2 shadow imps (D)
  A white imp (D)
  A ball python (D)
  A bat (D)
  An endoplasm (D)
  A hobgoblin (D)
  A quokka zombie (D)
270 creatures vanquished.

Vanquished Creatures (collateral kills)
  A yellow draconian (D)
1 creature vanquished.

Vanquished Creatures (others)
  42 fire vortices (D)
  6 foxfires (D)
48 creatures vanquished.

Grand Total: 319 creatures vanquished

Notes
Turn   | Place    | Note
-------+----------+-------------------------------------------
     0 | D        | rocky1 the Octopode Transmuter began the quest for the Orb.
     0 | D        | Reached XP level 1. HP: 13/13 MP: 3/3
     3 | D        | Found a shadowy altar of Dithmenos.
     3 | D        | Found a snail-covered altar of Cheibriados.
     4 | D        | Found a burning altar of Makhleb.
     5 | D        | Found a radiant altar of Vehumet.
     5 | D        | Found a shimmering blue altar of Sif Muna.
     5 | D        | Round 1.
     6 | D        | Found an opulent altar of Gozag.
     6 | D        | Found Elamait's Identification Station.
     7 | D        | Found Ucus's Jewellery.
     7 | D        | Found Moxkol's Advanced Armour.
    10 | D        | Found an ornate altar of the Wu Jian Council.
    15 | D        | Became a worshipper of Gozag Ym Sagoz the Greedy
    30 | D        | Found an iron altar of Okawaru.
    30 | D        | Found Tewee's Magic Scroll Shop.
    30 | D        | Found Enuycvoe's Magic Scroll Shop.
    31 | D        | Found Giudyt's Must-Have Magic.
    32 | D        | Found a stormy altar of Qazlal.
    32 | D        | Found an ancient bone altar of Kikubaaqudgha.
    32 | D        | Found a shimmering altar of Xom.
    32 | D        | Found Iwaolul's Staff Store.
    36 | D        | Found a blossoming altar of Fedhas.
    37 | D        | Found a glowing silver altar of Zin.
    41 | D        | Found Wojooz's Distillery.
    42 | D        | Found a corrupted altar of Lugonu.
    42 | D        | Found a hide-covered altar of Uskayaw.
    42 | D        | Found a sacrificial altar of Ru.
    42 | D        | Found Gukomy's Do-It-Yourself Clinic.
    44 | D        | Found Uheshias's Distillery.
    44 | D        | Found Siskamm's Bottled Wisdom.
    47 | D        | Noticed Terence
    48 | D        | Found a glowing golden altar of the Shining One.
    49 | D        | Found a bloodstained altar of Trog.
    60 | D        | Killed Terence
    61 | D        | Reached skill level 5 in Unarmed Combat
    61 | D        | Reached XP level 2. HP: 15/18 MP: 3/6
    61 | D        | Reached XP level 3. HP: 19/23 MP: 3/7
    99 | D        | Arena points: 6 (+6) [x1]
   102 | D        | Found a basalt altar of Yredelemnul.
   104 | D        | Found Lenk's Premium Goods.
   114 | D        | Round 2.
   120 | D        | Bought a heavily runed golden ring for 45 gold pieces
   120 | D        | Identified the ring of Nidoprukh {+Blink rPois rN+ MP+9
                  | Str+2} (You bought it in a shop in the Dungeon)
   120 | D        | Bought a brightly glowing tin ring for 45 gold pieces
   120 | D        | Identified the ring of Neotzanlu {Wiz Str+3} (You bought it
                  | in a shop in the Dungeon)
   120 | D        | Bought a pitted crystal amulet for 45 gold pieces
   120 | D        | Identified the amulet "Foatasux" {RegenMP Rampage Will+
                  | Regen+ Int-2} (You bought it in a shop in the Dungeon)
   120 | D        | Bought a translucent lead amulet for 45 gold pieces
   120 | D        | Identified the amulet "Niecohoj" {RegenMP -Tele rF+ Int+4}
                  | (You bought it in a shop in the Dungeon)
   120 | D        | Bought a warped pewter amulet for 45 gold pieces
   120 | D        | Identified the amulet of Gyquo {Spirit +Blink rF+ Dex+3}
                  | (You bought it in a shop in the Dungeon)
   120 | D        | Bought a sparkling ruby amulet for 45 gold pieces
   120 | D        | Identified the amulet of the Hart {Spirit rPois} (You
                  | bought it in a shop in the Dungeon)
   120 | D        | Bought a fine turquoise ring for 45 gold pieces
   120 | D        | Identified the ring of Sueg {Will+ EV+5} (You bought it in
                  | a shop in the Dungeon)
   120 | D        | Bought a fine wooden ring for 45 gold pieces
   120 | D        | Identified the ring of Weefui {rN+ rCorr Str+2 Int+6 Dex-2}
                  | (You bought it in a shop in the Dungeon)
   120 | D        | Bought a crude platinum ring for 45 gold pieces
   120 | D        | Identified the ring "Kicerema" {rCorr Int+2 Dex-5 Slay+5
                  | SInv} (You bought it in a shop in the Dungeon)
   120 | D        | Bought a glittering marble ring for 45 gold pieces
   120 | D        | Identified the ring "Qoshrur" {Wiz Contam rC++ Dex+2
                  | Slay+2} (You bought it in a shop in the Dungeon)
   120 | D        | Bought an ancient copper ring for 45 gold pieces
   120 | D        | Identified the ring "Cozy" {rPois AC+4 Str-5 Int+2} (You
                  | bought it in a shop in the Dungeon)
   136 | D        | Noticed Grinder
   144 | D        | Killed Grinder
   145 | D        | Reached XP level 4. HP: 29/29 MP: 9/10
   145 | D        | Reached XP level 5. HP: 34/34 MP: 9/12
   170 | D        | Noticed Eustachio
   179 | D        | Killed Eustachio
   180 | D        | Reached skill level 5 in Dodging
   180 | D        | Reached skill level 10 in Unarmed Combat
   180 | D        | Reached skill level 5 in Spellcasting
   180 | D        | Reached skill level 5 in Transmutations
   180 | D        | Reached XP level 6. HP: 39/39 MP: 14/14
   204 | D        | Found Zoig Ozxi's Miscellaneous Merchandise.
   204 | D        | Found Oliamp Ywni's Basic Armour.
   205 | D        | Found Tookev's Weapon Rack.
   214 | D        | Arena points: 34 (+28) [x2]
   244 | D        | Bought a masterwork hat for 315 gold pieces
   244 | D        | Identified the +0 hat of Rotation {rF+ rC++ Dex+2 Stlth+}
                  | (You bought it in a shop in the Dungeon)
   285 | D        | Round 3.
   296 | D        | Learned a level 4 spell: Ice Form
   307 | D        | Noticed a cane toad
   310 | D        | Noticed a cane toad
   315 | D        | Killed a cane toad
   316 | D        | Reached XP level 7. HP: 42/45 MP: 16/16
   317 | D        | Killed a cane toad
   318 | D        | Reached skill level 1 in Stealth
   318 | D        | Reached skill level 1 in Ice Magic
   318 | D        | Reached XP level 8. HP: 49/51 MP: 18/18
   336 | D        | Noticed a cane toad
   336 | D        | Noticed Prince Ribbit
   341 | D        | Killed Prince Ribbit
   347 | D        | Killed a cane toad
   380 | D        | Arena points: 97 (+63) [x3]
   396 | D        | Bought a heavily runed granite ring for 45 gold pieces
   396 | D        | Identified the ring of Fiqoot {rN+ Dex+4} (You bought it in
                  | a shop in the Dungeon)
   396 | D        | Bought a vibrating ruby amulet for 45 gold pieces
   396 | D        | Identified the amulet "Winiepn" {Acrobat Slay+6} (You
                  | bought it in a shop in the Dungeon)
   396 | D        | Bought a heavily runed granite ring for 45 gold pieces
   396 | D        | Identified the ring "Quschulae" {Fly rPois rN+ rCorr} (You
                  | bought it in a shop in the Dungeon)
   396 | D        | Bought a wavering amber ring for 45 gold pieces
   396 | D        | Identified the ring "Vasiunge" {rPois rCorr Int+6} (You
                  | bought it in a shop in the Dungeon)
   396 | D        | Bought a smoking lapis lazuli ring for 45 gold pieces
   396 | D        | Identified the ring "Lidwut" {Will+ rCorr Dex+6} (You
                  | bought it in a shop in the Dungeon)
   396 | D        | Bought a shimmering pewter ring for 45 gold pieces
   396 | D        | Identified the ring "Roseg" {rC+ Str+4 Dex+2} (You bought
                  | it in a shop in the Dungeon)
   411 | D        | Learned a level 2 spell: Wereblood
   433 | D        | Round 4.
   438 | D        | Noticed a rust devil
   438 | D        | Noticed an orange demon
   438 | D        | Noticed an orange demon
   438 | D        | Noticed a red devil
   443 | D        | Noticed a rust devil
   451 | D        | Killed a rust devil
   452 | D        | Reached XP level 9. HP: 58/58 MP: 20/20
   454 | D        | Killed an orange demon
   455 | D        | Reached skill level 15 in Unarmed Combat
   457 | D        | Noticed a rust devil
   464 | D        | Killed a red devil
   465 | D        | Reached skill level 5 in Fighting
   468 | D        | Killed an orange demon
   474 | D        | Killed a rust devil
   479 | D        | Killed a rust devil
   479 | D        | Arena points: 209 (+112) [x4]
   480 | D        | Reached XP level 10. HP: 34/68 MP: 22/22
   520 | D        | Bought 4 potions of curing for 84 gold pieces
   520 | D        | Bought 4 potions of curing for 84 gold pieces
   520 | D        | Bought 3 potions of heal wounds for 105 gold pieces
   520 | D        | Bought 3 potions of heal wounds for 105 gold pieces
   520 | D        | Bought 3 potions of heal wounds for 105 gold pieces
   524 | D        | Round 5.
   548 | D        | Noticed a giant anaconda
   556 | D        | Noticed a black mamba
   558 | D        | Noticed a naga mage
   559 | D        | Noticed a naga mage
   562 | D        | Killed a black mamba
   567 | D        | Killed a naga mage
   570 | D        | Killed a naga mage
   590 | D        | Killed a giant anaconda
   590 | D        | Arena points: 419 (+210) [x6]
   594 | D        | Got a serpentine rune of Zot
   612 | D        | Reached XP level 11. HP: 77/77 MP: 24/24
   621 | D        | Bought a book of Blasting for 280 gold pieces
   621 | D        | Bought a book of Power for 294 gold pieces
   621 | D        | Bought a book of Spatial Translocations for 126 gold pieces
   624 | D        | Learned a level 2 spell: Blink
   640 | D        | Bought 6 potions of might for 168 gold pieces
   791 | D        | Round 6.
   801 | D        | Noticed a deep elf zephyrmancer
   802 | D        | Noticed a deep elf pyromancer
   810 | D        | Killed a deep elf zephyrmancer
   818 | D        | Killed a deep elf pyromancer
   819 | D        | Reached skill level 10 in Spellcasting
   823 | D        | Noticed a +2 war axe of venom
   827 | D        | Killed a +2 war axe of venom
   828 | D        | Reached skill level 10 in Transmutations
   851 | D        | Noticed a +1 trident of freezing
   857 | D        | Killed a +1 trident of freezing
   867 | D        | Noticed a deep elf archer
   877 | D        | Killed a deep elf archer
   887 | D        | Noticed a deep elf knight
   892 | D        | Killed a deep elf knight
   893 | D        | Reached XP level 12. HP: 83/83 MP: 27/27
   900 | D        | Arena points: 797 (+378) [x7]
   913 | D        | Learned a level 6 spell: Iron Shot
   928 | D        | Bought a book of the Earth for 252 gold pieces
   935 | D        | Learned a level 6 spell: Statue Form
   959 | D        | Bought 2 potions of experience for 600 gold pieces
   959 | D        | Reached XP level 13. HP: 88/88 MP: 28/28
   960 | D        | Reached skill level 5 in Earth Magic
   960 | D        | Reached XP level 14. HP: 94/94 MP: 29/29
   980 | D        | Round 7.
   998 | D        | Reached skill level 1 in Conjurations
  1078 | D        | Arena points: 1357 (+560) [x8]
  1131 | D        | Round 8.
  1146 | D        | Bought 6 potions of brilliance for 168 gold pieces
  1146 | D        | Bought 6 potions of might for 168 gold pieces
  1146 | D        | Bought 4 potions of haste for 280 gold pieces
  1178 | D        | Bought 3 scrolls of fog for 120 gold pieces
  1178 | D        | Bought 3 scrolls of blinking for 225 gold pieces
  1280 | D        | Arena points: 2005 (+648) [x9]
  1281 | D        | Reached skill level 5 in Conjurations
  1297 | D        | Round 9.
  1306 | D        | Reached skill level 10 in Fighting
  1415 | D        | Arena points: 2995 (+990) [x10]
  1446 | D        | Bought a potion of mutation for 136 gold pieces
  1446 | D        | Bought a potion of mutation for 136 gold pieces
  1446 | D        | Bought a potion of resistance for 170 gold pieces
  1446 | D        | Bought a potion of curing for 51 gold pieces
  1446 | D        | Bought 2 potions of might for 136 gold pieces
  1456 | D        | Round 10.
  1470 | D        | Arena points: 4195 (+1200) [x12]
  1474 | D        | Got a gossamer rune of Zot
  1476 | D        | Reached XP level 15. HP: 105/105 MP: 31/31
  1482 | D        | Bought a book of Annihilations for 420 gold pieces
  1482 | D        | Bought a book of the Sky for 308 gold pieces
  1498 | D        | Bought a potion of invisibility for 56 gold pieces
  1498 | D        | Bought a potion of mutation for 56 gold pieces
  1498 | D        | Bought 6 potions of magic for 336 gold pieces
  1498 | D        | Bought 6 potions of magic for 336 gold pieces
  1498 | D        | Bought 3 potions of mutation for 168 gold pieces
  1498 | D        | Bought 2 potions of mutation for 112 gold pieces
  1498 | D        | Bought a potion of mutation for 56 gold pieces
  1498 | D        | Bought 3 potions of haste for 210 gold pieces
  1635 | D        | Round 11.
  1715 | D        | Reached skill level 10 in Earth Magic
  1760 | D        | Arena points: 4316 (+121) [x1]
  1775 | D        | Round 12.
  1872 | D        | Reached skill level 10 in Conjurations
  1902 | D        | Arena points: 4580 (+264) [x2]
  1917 | D        | Round 13.
  1924 | D        | Bought 3 potions of experience for 900 gold pieces
  1924 | D        | Bought 3 potions of experience for 900 gold pieces
  1924 | D        | Bought a potion of experience for 300 gold pieces
  1924 | D        | Bought a potion of experience for 300 gold pieces
  1925 | D        | Bought 4 potions of curing for 84 gold pieces
  1925 | D        | Bought 4 potions of curing for 84 gold pieces
  1925 | D        | Bought 4 potions of curing for 84 gold pieces
  1925 | D        | Bought 3 potions of heal wounds for 105 gold pieces
  1925 | D        | Bought 3 potions of heal wounds for 105 gold pieces
  1925 | D        | Bought 3 potions of heal wounds for 105 gold pieces
  1925 | D        | Bought 3 potions of heal wounds for 105 gold pieces
  1925 | D        | Bought 3 potions of heal wounds for 105 gold pieces
  1925 | D        | Bought 3 potions of heal wounds for 105 gold pieces
  1936 | D        | Learned a level 9 spell: Fire Storm
  1936 | D        | Reached XP level 16. HP: 117/117 MP: 32/32
  1937 | D        | Reached XP level 17. HP: 122/122 MP: 33/33
  1938 | D        | Reached XP level 18. HP: 128/128 MP: 34/34
  1939 | D        | Reached XP level 19. HP: 134/134 MP: 35/35
  1940 | D        | Reached skill level 10 in Fire Magic
  1940 | D        | Reached XP level 20. HP: 140/140 MP: 36/36
  1941 | D        | Reached XP level 21. HP: 145/145 MP: 37/37
  1944 | D        | Reached XP level 22. HP: 152/152 MP: 38/38
  1945 | D        | Reached XP level 23. HP: 157/157 MP: 39/39
  2088 | D        | Arena points: 5048 (+468) [x3]
  2115 | D        | Round 14.
  2123 | D        | Noticed Louise
  2138 | D        | Bought 6 potions of resistance for 420 gold pieces
  2146 | D        | Bought 6 potions of brilliance for 168 gold pieces
  2193 | D        | Killed Louise
  2198 | D        | Reached skill level 15 in Fire Magic
  2224 | D        | Arena points: 5776 (+728) [x4]
  2260 | D        | Round 15.
  2276 | D        | Noticed Agnes
  2293 | D        | Reached skill level 1 in Shields
  2297 | D        | Killed Agnes
  2297 | D        | Arena points: 6766 (+990) [x6]
  2301 | D        | Got a mossy rune of Zot
  2323 | D        | Bought a staff of earth for 750 gold pieces
  2323 | D        | Bought a staff of fire for 750 gold pieces
  2325 | D        | Bought a Necronomicon for 392 gold pieces
  2325 | D        | Bought a book of the Wilderness for 266 gold pieces
  2341 | D        | Bought 6 potions of resistance for 420 gold pieces
  2341 | D        | Bought 4 potions of haste for 280 gold pieces
  2355 | D        | Bought 5 scrolls of blinking for 375 gold pieces
  2495 | D        | Round 16.
  2618 | D        | Arena points: 6958 (+192) [x1]
  2628 | D        | Round 17.
  2639 | D        | Learned a level 8 spell: Maxwell's Capacitive Coupling
  2648 | D        | Reached skill level 1 in Air Magic
  2660 | D        | Reached skill level 15 in Conjurations
  2660 | D        | Reached XP level 24. HP: 164/164 MP: 39/39
  2730 | D        | Bought 6 potions of attraction for 126 gold pieces
  2732 | D        | Bought a potion of curing for 21 gold pieces
  2732 | D        | Bought 6 potions of attraction for 126 gold pieces
  2732 | D        | Reached skill level 10 in Dodging
  2732 | D        | Reached XP level 25. HP: 123/171 MP: 39/39
  2781 | D        | Arena points: 7196 (+238) [x1]
  2795 | D        | Round 18.
  2830 | D        | Bought Ozocubu's Autobiography for 168 gold pieces
  2830 | D        | Bought a book of the Moon for 280 gold pieces
  2830 | D        | Bought a book of Chaos for 350 gold pieces
  2830 | D        | Bought a Grand Grimoire for 238 gold pieces
  2830 | D        | Bought a book of Burglary for 140 gold pieces
  2830 | D        | Bought a book of Displacement for 154 gold pieces
  2830 | D        | Bought a book of Death for 308 gold pieces
  2830 | D        | Bought a book of Hexes for 252 gold pieces
  2838 | D        | Learned a level 7 spell: Storm Form
  2923 | D        | Reached skill level 15 in Fighting
  2932 | D        | Arena points: 7664 (+468) [x2]
  2951 | D        | Bought 3 potions of heal wounds for 105 gold pieces
  2951 | D        | Bought 3 potions of heal wounds for 105 gold pieces
  2951 | D        | Bought 3 potions of heal wounds for 105 gold pieces
  2959 | D        | Bought a potion of flight for 21 gold pieces
  2959 | D        | Bought 5 potions of berserk rage for 175 gold pieces
  2959 | D        | Bought 5 potions of berserk rage for 175 gold pieces
  2959 | D        | Bought 6 potions of magic for 336 gold pieces
  2959 | D        | Bought 6 potions of magic for 336 gold pieces
  2959 | D        | Bought 6 potions of resistance for 420 gold pieces
  2959 | D        | Bought 3 potions of mutation for 168 gold pieces
  2959 | D        | Bought 2 potions of mutation for 112 gold pieces
  2959 | D        | Bought 2 potions of mutation for 112 gold pieces
  2959 | D        | Bought 5 potions of haste for 350 gold pieces
  2959 | D        | Bought 3 potions of haste for 210 gold pieces
  2965 | D        | Round 19.
  3067 | D        | Arena points: 8348 (+684) [x3]
  3080 | D        | Bought 2 scrolls of amnesia for 152 gold pieces
  3091 | D        | Round 20.
  3116 | D        | Noticed Mara
  3123 | D        | Noticed rocky1's illusion
  3126 | D        | Arena points: 9648 (+1300) [x5]
  3129 | D        | Got a silver rune of Zot
  3130 | D        | Reached XP level 26. HP: 181/181 MP: 7/39
  3157 | D        | Bought 5 scrolls of amnesia for 200 gold pieces
  3157 | D        | Bought 3 scrolls of silence for 285 gold pieces
  3157 | D        | Bought 5 scrolls of fog for 200 gold pieces
  3157 | D        | Bought 4 scrolls of blinking for 300 gold pieces
  3159 | D        | Bought 4 scrolls of blinking for 300 gold pieces
  3159 | D        | Bought 3 scrolls of blinking for 225 gold pieces
  3307 | D        | Round 21.
  3330 | D        | Noticed a Killer Klown
  3340 | D        | Reached skill level 1 in Staves
  3340 | D        | Reached skill level 1 in Translocations
  3340 | D        | Reached skill level 1 in Evocations
  3354 | D        | Killed a Killer Klown
  3376 | D        | Reached skill level 5 in Shields
  3440 | D        | Arena points: 11664 (+2016) [x6]
  3510 | D        | Round 22.
  3600 | D        | Reached skill level 5 in Evocations
  3674 | D        | Arena points: 13666 (+2002) [x7]
  3675 | D        | Reached skill level 5 in Staves
  3714 | D        | Round 23.
  3774 | D        | Bought 2 scrolls labelled OCIGUGA ROHYVA for 106 gold
                  | pieces
  3774 | D        | Bought a metallic dark potion for 47 gold pieces
  3786 | D        | HP: 7/185 [Hell Sentinel/iron shot (77)]
  3826 | D        | Reached skill level 5 in Air Magic
  3864 | D        | Arena points: 13965 (+299) [x1]
  3879 | D        | Round 24.
  3932 | D        | Arena points: 14781 (+816) [x2]
  3942 | D        | Round 25.
  4000 | D        | Arena points: 16181 (+1400) [x4]
  4007 | D        | Got a slimy rune of Zot
  4008 | D        | Reached XP level 27. HP: 97/197 MP: 39/39
  4025 | D        | Bought 5 potions of berserk rage for 175 gold pieces
  4025 | D        | Bought 5 potions of berserk rage for 175 gold pieces
  4025 | D        | Bought 6 potions of resistance for 420 gold pieces
  4025 | D        | Bought 5 potions of haste for 350 gold pieces
  4041 | D        | Bought a book of Burglary for 140 gold pieces
  4051 | D        | Bought 5 scrolls of amnesia for 200 gold pieces
  4051 | D        | Bought 3 scrolls of silence for 285 gold pieces
  4051 | D        | Bought 5 scrolls of fog for 200 gold pieces
  4051 | D        | Bought 4 scrolls of fog for 160 gold pieces
  4051 | D        | Bought 3 scrolls of fog for 120 gold pieces
  4051 | D        | Bought 5 scrolls of blinking for 375 gold pieces
  4053 | D        | Bought 4 scrolls of fog for 160 gold pieces
  4116 | D        | Bought a crude buckler for 332 gold pieces
  4116 | D        | Identified the +3 buckler of Focus {rPois Dex+3} (You
                  | bought it in a shop in the Dungeon)
  4116 | D        | Bought a distressingly furry tower shield for 332 gold
                  | pieces
  4116 | D        | Identified the +2 tower shield "Egut" {Will+ rCorr Int-2
                  | Dex+4} (You bought it in a shop in the Dungeon)
  4116 | D        | Bought an ancient kite shield for 332 gold pieces
  4116 | D        | Identified the +0 kite shield of Lies {+Inv Str+3} (You
                  | bought it in a shop in the Dungeon)
  4116 | D        | Bought a spiked buckler for 332 gold pieces
  4116 | D        | Identified the +2 buckler of the Sun {Fly rF+ rN+ Slay+2}
                  | (You bought it in a shop in the Dungeon)
  4183 | D        | Round 26.
  4193 | D        | Noticed a royal mummy
  4193 | D        | Noticed a royal mummy
  4211 | D        | Killed a royal mummy
  4212 | D        | Reached skill level 10 in Shields
  4218 | D        | Killed a royal mummy
  4220 | D        | Arena points: 18781 (+2600) [x5]
  4278 | D        | Round 27.
  4285 | D        | Noticed an orb of fire
  4309 | D        | Gained mutation: You are vulnerable to cold. (rC-) [an orb
                  | of fire]
  4315 | D        | Killed an orb of fire
  4333 | D        | Noticed an ancient lich
  4339 | D        | Killed an ancient lich
  4404 | D        | Noticed an ancient lich
  4414 | D        | Killed an ancient lich
  4415 | D        | Reached skill level 27 in Fighting
  4463 | D        | Arena points: 19375 (+594) [x1]
  4487 | D        | Learned a level 8 spell: Lehudib's Crystal Spear
  4523 | D        | Bought the amulet of the Four Winds {rN+ Will+++ Clar} for
                  | 667 gold pieces
  4523 | D        | Found the amulet of the Four Winds {rN+ Will+++ Clar}
  4678 | D        | Round 28.
  4708 | D        | Noticed an ancient lich
  4711 | D        | Noticed an ancient lich
  4716 | D        | Reached skill level 27 in Unarmed Combat
  4718 | D        | Killed an ancient lich
  4720 | D        | Noticed an ancient lich
  4723 | D        | Killed an ancient lich
  4724 | D        | Reached skill level 10 in Staves
  4724 | D        | Reached skill level 15 in Spellcasting
  4728 | D        | Killed an ancient lich
  4736 | D        | Noticed an ancient lich
  4745 | D        | Blown up by a lich

Illustrated notes

Levels and vault maps discovered:
D:        arena_sprint

Skill      XL: |  1  2  3  4  5  6  7  8  9 10 11 12 13 14 15 16 17 18 19 20 21 22 23 24 25 26 27 |
---------------+----------------------------------------------------------------------------------+-----
Unarmed Combat | 5 9 10 12 14 16 17 18 20 21 23 27 | 27.0
Spellcasting   | 3 4 5 6 7 8 9 11 12 16 | 16.8
Dodging        | 4 5 6 7 8 10 | 10.1
Transmutations | 4 5 6 7 8 10 11 12 13 | 13.9
Fighting       | 2 4 6 8 10 13 14 15 18 27 | 27.0
Stealth        | 1 3 |  3.5
Ice Magic      | 1 2 3 4 |  4.5
Earth Magic    | 3 5 8 11 | 11.5
Conjurations   | 6 10 15 18 21 | 21.1
Fire Magic     | 4 6 7 9 10 11 12 13 17 20 22 | 22.5
Shields        | 4 8 11 | 11.1
Air Magic      | 1 9 |  9.6
Staves         | 5 13 | 13.4
Translocations | 4 |  4.0
Evocations     | 5 |  5.5

Action                     |  1- 3 |  4- 6 |  7- 9 | 10-12 | 13-15 | 16-18 | 19-21 | 22-24 | 25-27 || total
---------------------------+-------+-------+-------+-------+-------+-------+-------+-------+-------++-------
  Melee: Unarmed           |    10 |    17 |    37 |    39 |    96 |       |       |   115 |   291 ||   605
         Kick              |     3 |     2 |       |       |       |       |       |       |       ||     5
         Constrict         |     2 |     3 |       |       |    11 |       |       |    20 |    23 ||    59
         Tentacles         |       |     2 |       |       |    29 |       |       |    43 |    55 ||   129
         Punch             |       |     2 |       |       |    16 |       |       |    30 |    72 ||   120
         Staff             |       |       |       |       |       |       |       |       |    12 ||    12
   Cast: Beastly Appendage |     3 |     1 |       |       |       |       |     1 |       |       ||     5
         Ice Form          |       |     1 |     3 |     3 |       |       |       |       |       ||     7
         Blink             |       |       |       |     1 |     1 |       |       |       |       ||     2
         Wereblood         |       |       |       |     1 |       |       |       |       |       ||     1
         Iron Shot         |       |       |       |       |     7 |       |     1 |     1 |     6 ||    15
         Statue Form       |       |       |       |       |     9 |       |       |     5 |     9 ||    23
         Fire Storm        |       |       |       |       |       |       |       |       |    26 ||    26
         Storm Form        |       |       |       |       |       |       |       |       |     7 ||     7
 Invoke: Call Merchant     |       |       |       |       |     1 |       |       |       |     6 ||     7
Ability: End Transformatio |       |       |       |       |     1 |       |       |       |     1 ||     2
  Evoke: Wand              |     2 |       |       |       |       |       |       |       |       ||     2
    Use: Potion            |     3 |       |     4 |     2 |     3 |     3 |     3 |     2 |    32 ||    52
         Scroll            |       |       |       |       |       |       |       |       |     6 ||     6
   Stab: Distracted        |       |       |       |       |     2 |       |       |     3 |     5 ||    10
 Armour: Skin              |       |     3 |    12 |     6 |    58 |       |       |    43 |    87 ||   209
  Dodge: Dodged            |     1 |     8 |    17 |    16 |    93 |       |       |    63 |   214 ||   412
  Block: Buckler           |       |       |       |       |       |       |       |       |    16 ||    16

Table legend: (Time is in decaauts)
 A = Elapsed time spent in this place.
 B = Non-inter-level travel time spent in this place.
 C = Inter-level travel time spent in this place.
 D = Time resting spent in this place.
 E = Time spent auto-exploring this place.
 F = Levels seen in this place.
 G = Mean time per level.
                   A        B        C        D        E       F      G
               +--------+--------+--------+--------+--------+-----+--------+
         Total |   5058 |   5035 |     23 |   1086 |      6 |   1 | 5058.0 |
       Dungeon |   5058 |   5035 |     23 |   1086 |      6 |   1 | 5058.0 |
               +--------+--------+--------+--------+--------+-----+--------+

Top non-repeatable levels by time:
       D: 5058 daAuts
